 Dungeon Crawl Stone Soup version 0.31-a0-1611-g890cdf5 (webtiles) character file.

Game seed: 16272671337566300002

20 PidgeyThePirate the Trooper (level 2, 0/24 HPs)
             Began as a Demonspawn Chaos Knight on Jan 8, 2024.
             Was a Plaything of Xom.
             Succumbed to Robin's poison
             ... on level 1 of the Dungeon.
             The game lasted 00:02:14 (991 turns).

PidgeyThePirate the Trooper (DsCK)                   Turns: 991, Time: 00:02:16

Health: 0/24       AC:  6    Str: 12    XL:     2   Next: 58%
Magic:  2/2        EV: 10    Int: 18    God:    Xom [..*...]
Gold:   53         SH:  4    Dex: 12    Spells: 1/1 levels left

rFire   . .          .
                       - Unarmed
rCold   + . .        (no shield)
rNeg    . . .        d - +1 ring mail {rC+}
rPois   .            (no helmet)
rElec   .            (no cloak)
rCorr   .            (no gloves)
SInv    .            (no boots)
Will    .....        (no amulet)
Stlth   +            e - +6 ring of intelligence
HPRegen 0.24/turn    f - ring of wizardry
MPRegen 0.08/turn

%: wizardry (x1)
@: lethally poisoned (0 -> -15)
A: condensation shield
a: Renounce Religion


You were on level 1 of the Dungeon.
You worshipped Xom.
You were a toy of Xom.
You visited 1 branch of the dungeon, and saw 2 of its levels.

You collected 53 gold pieces.

Inventory:

Armour
 a - a +2 leather armour
 d - a +1 ring mail of cold resistance (worn)
Jewellery
 e - a +6 ring of intelligence (left hand)
 f - a ring of wizardry (right hand)
Scrolls
 c - a scroll of immolation
 g - a scroll of identify


   Skills:
 + Level 3.4 Fighting
 + Level 2.0 Armour
 + Level 1.1 Dodging
 * Level 3.0 Unarmed Combat


You had one spell level left.
You didn't know any spells.
Your spell library contained the following spells:

 Spells                   Type           Power      Damage    Failure   Level
 Sublimation of Blood     Necr           0%         N/A       28%         2
 Petrify                  Alch/Erth      0%         N/A       86%         4
 Irradiate                Conj/Alch      0%         3d11      99%         5


Dungeon Overview and Level Annotations

Branches:
Dungeon (2/15)

Altars:

Shops:
D:2 [

Annotations:
D:2 Robin


Innate Abilities, Weirdness & Mutations

A meltable shield of frost defends you. (SH +4)


Message History

Robin is lightly wounded.
Robin hits you with a +2 spear of venom.
You are poisoned.
You hit Robin but do no damage.
Robin is lightly wounded.
You feel sick.
A goblin comes into view. It is wielding a +0 dagger.
The kobold throws a stone.
The stone hits you but does no damage. Robin hits you but does no damage.
You are more poisoned.
You hit Robin but do no damage.
Robin is lightly wounded.
You feel very sick.
The kobold throws a stone.
The stone barely misses you. You block Robin's attack.
You hit Robin but do no damage.
Robin is lightly wounded.
You feel sick.
Robin roars a battlecry!
The goblin goes into a battle-frenzy!
You barely miss Robin.
Robin is lightly wounded.
You feel sick.
Robin hits you with a +2 spear of venom.
You are more poisoned.
You feel very sick. You block Robin's attack.
You feel very sick.
You see here a bat corpse.
* * * LOW HITPOINT WARNING * * *
You feel sick.
There is a stone staircase leading up here.
* * * LOW HITPOINT WARNING * * *
You feel sick.
Robin hits you from afar with a +2 spear of venom.
* * * LOW HITPOINT WARNING * * *
You are more poisoned.
You climb upwards.
You die...
Xom roars with laughter!

###.PPP.# #.#
#.#####†....# ...P~~P~#
#.# #.# #.###.#####
###.~~P♣# #.###.## #.#
#.....#
####.####.##...#
#.###.###.#
#...........#
#....†###.#
#####...#>..#
#.#.......# #...#####
#.#######.#
##########.#.##### #.#
#.###
..........###...@####.#
#...# ##.#####.##
##........# #.#.# ##.#
##.###..#.###### #.#.#
##.# ##.#.#.#.# #.#.#
##.# ##..#.#.# #.#.#
##.# ##.#.#.### #.#.#
..># #(......### #...#
#### ###.......# ##..#
# ###.#)#.# #..#


There were no monsters in sight!

Vanquished Creatures
  2 ball pythons
  3 bats
  An endoplasm (D:1)
  A giant cockroach (D:1)
  3 goblins
  A hobgoblin (D:1)
  2 kobolds (D:1)
  2 quokkas (D:1)
  A rat (D:1)
16 creatures vanquished.

Notes
Turn   | Place    | Note
-------+----------+-------------------------------------------
     0 | D:1      | PidgeyThePirate the Demonspawn Chaos Knight began the quest
                  | for the Orb.
     0 | D:1      | Reached XP level 1. HP: 18/18 MP: 1/1
   155 | D:1      | Reached skill level 1 in Dodging
   235 | D:1      | XOM: divination: detect items
   390 | D:1      | Gained mutation: A meltable shield of frost defends you.
                  | (SH +4) [demonic ancestry]
   390 | D:1      | Reached XP level 2. HP: 23/24 MP: 2/2
   532 | D:1      | XOM: divination: detect creatures
   852 | D:1      | XOM: noise
   861 | D:2      | Found Lesy's Antique Armour Boutique.
   869 | D:2      | XOM: divination: magic mapping
   870 | D:2      | XOM: noise
   904 | D:2      | Noticed Robin
   915 | D:2      | XOM: noise
   991 | D:1      | Succumbed to Robin's poison

Illustrated notes

Levels and vault maps discovered:
D:1:      dpeg_cavernosity, layout_loops_ring, serial_bayou_pond_e
D:2:      layout_rooms, hellmonk_ecumenical_altar_watching_god, serial_shops,
          nicolae_shop_hallway_stairs, basic_altar, minmay_pentomino_pile,
          uniq_robin

Skill      XL: |  1  2 |
---------------+-------+-----
Dodging        | 1 |  1.1
Armour         | 2 |  2.0
Unarmed Combat | 3 |  3.0
Fighting       | |  3.4

Action                     || total
---------------------------++-------
  Melee: Unarmed           ||    80
         Punch             ||     2
    Use: Scroll            ||     3
 Armour: Ring mail         ||    85
  Dodge: Dodged            ||    69
  Block: Other             ||    23

Table legend: (Time is in decaauts)
 A = Elapsed time spent in this place.
 B = Non-inter-level travel time spent in this place.
 C = Inter-level travel time spent in this place.
 D = Time resting spent in this place.
 E = Time spent auto-exploring this place.
 F = Levels seen in this place.
 G = Mean time per level.
                   A        B        C        D        E       F      G
               +--------+--------+--------+--------+--------+-----+--------+
         Total |    988 |    865 |    123 |      0 |    647 |   2 |  494.0 |
       Dungeon |    988 |    865 |    123 |      0 |    647 |   2 |  494.0 |
               +--------+--------+--------+--------+--------+-----+--------+

Top non-repeatable levels by time:
     D:1: 916 daAuts
     D:2: 71 daAuts
